 Dungeon Crawl Stone Soup version 0.28.0-53-g5a82cb258f (webtiles) character file.

Game seed: 15348930689747300774

65 bnorton916 the Firebug (level 3, -2/19 HPs)
             Began as a Deep Elf Fire Elementalist on July 12, 2022.
             Killed from afar by Sigmund (8 damage)
             ... with a puff of flame
             ... on level 3 of the Dungeon.
             The game lasted 00:02:03 (2804 turns).

bnorton916 the Firebug (Deep Elf Fire Elementalist) Turns: 2804, Time: 00:02:04

Health: -2/19      AC:  3    Str:  5    XL:     3   Next: 92%
Magic:  8/10       EV: 12    Int: 21    God:
Gold:   93         SH:  0    Dex: 15    Spells: 4/10 levels left

rFire   . . .      SeeInvis .   (no weapon)
rCold   . . .      Faith    .   (no shield)
rNeg    . . .      Spirit   .   a - +0 robe
rPois   +          Reflect  .   (no helmet)
rElec   .          Harm     .   h - +0 cloak
rCorr   .          Rampage  .   (no gloves)
Will    .....                   (no boots)
Stlth   ++........              (no amulet)
HPRegen 0.06/turn               b - ring of poison resistance
MPRegen 0.12/turn               (no ring)

@: lethally poisoned (-2 -> -10)
A: no striking features
a: no special abilities


You were on level 3 of the Dungeon.
You visited 1 branch of the dungeon, and saw 3 of its levels.

You collected 93 gold pieces.

Inventory:

Missiles
 l - 11 stones
 n - 5 atropa-tipped darts
Armour
 a - a +0 robe (worn)
 e - an orb of mayhem
 h - a +0 cloak (worn)
Jewellery
 b - a ring of poison resistance (left hand)
 f - a ring of ice
Scrolls
 m - a scroll of magic mapping {unknown}
Potions
 c - a potion of flight {unknown}
 d - 2 potions of heal wounds
 g - 4 potions of curing {unknown}
 i - a potion of cancellation {unknown}
 k - a potion of ambrosia {unknown}


   Skills:
 - Level 2.4 Dodging
 - Level 2.4 Stealth
 + Level 4.1 Spellcasting
 + Level 2.5 Conjurations
 + Level 4.1 Fire Magic


You had 4 spell levels left.
You knew the following spells:

 Your Spells              Type           Power      Damage    Failure   Level
a - Foxfire               Conj/Fire      72%        2x1d7     3%          1
b - Scorch                Fire           42%        2d7       3%          2
c - Conjure Flame         Conj/Fire      18%        6-21      9%          3

Your spell library contained the following spells:

 Spells                   Type           Power      Damage    Failure   Level
 Slow                     Hex            16%        N/A       12%         1
 Inner Flame              Hex/Fire       13%        N/A       16%         3
 Flame Wave               Conj/Fire      18%        2d6       30%         4
 Confusing Touch          Hex            4%         N/A       34%         3
 Vampiric Draining        Necr           4%         2d6       34%         3


Dungeon Overview and Level Annotations

Branches:
Dungeon (3/15)

Altars:

Annotations:
D:3 Sigmund


Message History

You conjure some foxfire!
Your foxfire dissipates!
Your foxfire dissipates!
Memorise Scorch, consuming 2 spell levels and leaving 7?
You start memorising the spell.
You continue memorising.
Your foxfire dissipates! x2
You continue memorising.
You finish memorising.
Spell assigned to 'b'.
This spell is extremely dangerous to cast!
Memorise Conjure Flame, consuming 3 spell levels and leaving 4?
You start memorising the spell.
You continue memorising. x3
You finish memorising.
Spell assigned to 'c'.
You open the door.
There is an open door here.
Found a stone staircase leading down.
You now have 93 gold pieces (gained 14).
Done exploring.
Done exploring.
Done exploring.
(D) Dungeon
Where to? (Enter - D:2, ? - help)
There is a stone staircase leading down here.
You climb downwards.
Found a white potion.
There is a stone staircase leading up here.
Sigmund is nearby!
Casting: Foxfire (safe; 3% risk of failure)
Confirm with . or Enter, or press ? or * to list all spells.
Flames lash Sigmund.
Sigmund shouts!
Sigmund is moderately wounded.
Sigmund's fire resistance burns away.
You hear an angry hiss.
An adder comes into view.
Sigmund hits you from afar with a +4 scythe of venom!
Ouch! That really hurt!
You are lethally poisoned!
You feel very sick. Sigmund casts a spell at you. The puff of flame hits you!
You die...

... ..
.. #+.
####!.
#....#
#...S#
#.@.@#
#....#
######


You could see Sigmund (combustible) and an adder.

Vanquished Creatures
  A gnoll (D:2)
  2 adders (D:2)
  A worm (D:2)
  2 dart slugs (D:1)
  3 bats
  2 endoplasms (D:2)
  2 giant cockroaches
  5 goblins
  2 hobgoblins (D:1)
  3 kobolds
  A quokka (D:2)
  A ball python (D:1)
  2 frilled lizards
  4 rats
31 creatures vanquished.

Vanquished Creatures (others)
  150 foxfires
150 creatures vanquished.

Grand Total: 181 creatures vanquished

Notes
Turn   | Place    | Note
-------+----------+-------------------------------------------
     0 | D:1      | bnorton916 the Deep Elf Fire Elementalist began the quest
                  | for the Orb.
     0 | D:1      | Reached XP level 1. HP: 10/10 MP: 6/6
   275 | D:1      | Reached XP level 2. HP: 15/15 MP: 1/8
  1605 | D:2      | Reached XP level 3. HP: 19/19 MP: 7/10
  2694 | D:2      | Learned a level 2 spell: Scorch
  2698 | D:2      | Learned a level 3 spell: Conjure Flame
  2801 | D:3      | Noticed Sigmund
  2804 | D:3      | Killed from afar by Sigmund

Illustrated notes

Levels and vault maps discovered:
D:1:      heliophobic_arrival_enchanted_forest, layout_basic
D:2:      layout_basic
D:3:      layout_basic, chequers_ecumenical_altar_grove,
          hangedman_abyss_or_decor_stabs, guppyfry_early_lair_pool,
          uniq_sigmund, uniq_crazy_yiuf_cottage, uniq_jessica

Skill      XL: |  1  2  3 |
---------------+----------+-----
Conjurations   | 2 |  2.5
Fire Magic     | 4 |  4.1
Spellcasting   | 4 |  4.1
Dodging        | |  2.4
Stealth        | |  2.4

Action                   || total
-------------------------++-------
 Cast: Foxfire           ||    99
       Scorch            ||     1
  Use: Scroll            ||     2
Armor: Robe              ||     1
Dodge: Dodged            ||     5
